 Dungeon Crawl Stone Soup version 0.18.1-6-gd335043 (webtiles) character file.

130 Kenran the Slasher (level 5, -4/45 HPs)
             Began as a Hill Orc Fighter on May 16, 2016.
             Slain by a killer bee (6 damage)
             ... on level 2 of the Dungeon.
             The game lasted 00:04:20 (2304 turns).

Kenran the Slasher (Hill Orc Fighter)               Turns: 2304, Time: 00:04:21

Health: -4/45      AC:  9    Str: 19    XL:     5   Next: 13%
Magic:  5/5        EV:  5    Int:  8    God:
Gold:   93         SH:  9    Dex: 11    Spells: 0 memorised, 4 levels left

rFire  . . .     SeeInvis .     a - +0 long sword
rCold  . . .     Gourm    .     h - +0 chain mail (curse)
rNeg   . . .     Faith    .     c - +0 shield
rPois  .         Spirit   .     (no helmet)
rElec  .         Dismiss  .     (no cloak)
rCorr  .         Reflect  .     (no gloves)
SustAt .         Harm     .     (no boots)
MR     .....                    (no amulet)
Stlth  ..........               (no ring)
                                (no ring)

@: lethally poisoned (-4 -> -23), not resistant to hostile enchantments,
extremely unstealthy
A: no striking features
a: no special abilities


You were on level 2 of the Dungeon.
You were not hungry.

You visited 1 branch of the dungeon, and saw 3 of its levels.

You collected 93 gold pieces.

Inventory:

Hand Weapons
 a - a +0 long sword (weapon)
Armour
 c - a +0 shield (worn)
 h - a cursed +0 chain mail (worn)
Scrolls
 b - a scroll of amnesia {unknown}
 e - a scroll of magic mapping {unknown}
 j - a scroll of identify {unknown}
 n - 2 scrolls of random uselessness {unknown}
Potions
 d - 2 potions of might
 g - a potion of resistance {unknown}
 i - a potion of brilliance {unknown}
 k - a potion of haste {unknown}
 o - a potion of curing {unknown}
 p - a potion of beneficial mutation {unknown}
Books
 m - a book of Burglary

   Spells                             Type                      Level
   a - Swiftness                      Charms/Air                   2
   b - Passwall                       Transmutation/Earth          2
   c - Passage of Golubria            Translocation                4
   d - Lee's Rapid Deconstruction     Earth                        5
   e - Darkness                       Hexes                        6
   f - Invisibility                   Hexes                        6
Comestibles
 f - 3 bread rations
 q - 3 fruits


   Skills:
 - Level 3.6 Fighting
 + Level 5.6 Long Blades
 - Level 3.2 Armour
 - Level 3.2 Shields


You had 4 spell levels left.
You didn't know any spells.

Dungeon Overview and Level Annotations

Branches:
Dungeon (3/15)

Altars:


Message History

The killer bee stings you but does no damage. x3
The killer bee stings you. You block the killer bee's attack.
You hit the killer bee.
The killer bee is moderately wounded.
You feel sick. The killer bee stings you. You block the killer bee's attack.
The killer bee stings you!
The killer bee stings you but does no damage.
The killer bee stings you. You block the killer bee's attack.
The killer bee stings you but does no damage.
The killer bee stings you.
You miss the killer bee.
The killer bee is moderately wounded.
You feel sick. You block the killer bee's attack. x2
The killer bee stings you!
* * * LOW HITPOINT WARNING * * *
You are more poisoned.
The killer bee poisons you! The killer bee stings you.
* * * LOW HITPOINT WARNING * * *
You block the killer bee's attack. x2; The killer bee stings you.
You die...

##.##...####.#...................
...##.............#..#.#.#.#.....
##.##.........#.#.#..............
#....##.##..........#)#.#.#...##
##.#####..#...#.#..............##
#..# ##............#.#.#.#....#
#..# ####....................#..#
..## #.........).y.....#.#...#..#
..# ##.........y@............##.#
.## #....)......yy#.#.#.##...##..
.# #.............#.........<###.
.# #######.........#.#......# #.
#### ###..............####.###.
...# #............##### #.##..
.#.#####.##.............# #.....
....##...##...#.#.#.#...#######..
.#..##.####.................>....


You could see 4 killer bees.

Vanquished Creatures
  Natasha (twice) (D:1)
  2 adders (D:2)
  An ooze (D:2)
  A worm (D:2)
  3 dart slugs
  9 giant cockroaches
  A goblin (D:1)
  7 hobgoblins
  4 jackals (D:2)
  3 ball pythons
  2 bats (D:2)
  2 giant newts (D:1)
  6 kobolds (D:1)
  6 rats
49 creatures vanquished.

Notes
Turn   | Place    | Note
--------------------------------------------------------------
     0 | D:1      | Kenran the Hill Orc Fighter began the quest for the Orb.
     0 | D:1      | Reached XP level 1. HP: 19/19 MP: 1/1
   190 | D:1      | Reached skill level 3 in Long Blades
   190 | D:1      | Reached XP level 2. HP: 21/26 MP: 2/2
   612 | D:1      | Reached XP level 3. HP: 31/31 MP: 3/3
   982 | D:2      | Reached skill level 4 in Long Blades
  1008 | D:2      | Noticed Natasha
  1024 | D:1      | Killed Natasha
  1024 | D:1      | Reached XP level 4. HP: 18/39 MP: 4/4
  1183 | D:1      | Noticed Natasha
  1207 | D:1      | Killed Natasha
  1207 | D:1      | Reached skill level 5 in Long Blades
  1775 | D:2      | Reached XP level 5. HP: 43/45 MP: 5/5
  2304 | D:2      | HP: 2/45 [killer bee (5)]
  2304 | D:2      | Slain by a killer bee

Skill      XL: |  1  2  3  4 |
---------------+-------------+-----
Long Blades    | 3 4 5 |  5.6
Fighting       | |  3.6
Armour         | |  3.2
Shields        | |  3.2

Action                   |  1- 3 |  4- 6 || total
-------------------------+-------+-------++-------
Melee: Long sword        |    84 |    84 ||   168
  Use: Scroll            |     1 |       ||     1
  Eat: Chunk             |       |     5 ||     5
Armor: Scale mail        |    15 |       ||    15
       Chain mail        |    29 |    56 ||    85
Dodge: Dodged            |    21 |    21 ||    42
Block: Shield            |    41 |    65 ||   106
